 Dungeon Crawl Stone Soup version 0.25-a0-194-gece12570e2 (webtiles) character file.

Game seed: 10568302647351843293, levelgen mode: deterministic

13093 collywobbles the Carver (level 12, -12/96 HPs)
             Began as a Barachi Fighter on Nov 30, 2019.
             Was a High Priest of Cheibriados.
             Mangled by a cyclops (14 damage)
             ... on level 11 of the Dungeon.
             The game lasted 00:41:33 (13452 turns).

collywobbles the Carver (Barachi Fighter)          Turns: 13452, Time: 00:41:34

Health: -12/96     AC: 20    Str: 29    XL:     12   Next: 2%
Magic:  12/15      EV: 14    Int: 22    God:    Cheibriados [*****.]
Gold:   619        SH:  0    Dex: 25    Spells: 5/11 levels left

rFire    . . .     SeeInvis .   a - +1 great sword (slice)
rCold    . . .     Gourm    +   (shield currently unavailable)
rNeg     . . .     Faith    .   w - +0 plate armour
rPois    .         Spirit   .   (helmet restricted)
rElec    .         Reflect  .   k - +1 cloak
rCorr    +         Harm     .   P - +0 pair of gloves (curse)
MR       .....                  (no boots)
Stlth    ..........             z - amulet of the gourmand
HPRegen  0.26/turn              n - ring of resist corrosion
MPRegen  0.14/turn              g - ring of wizardry

@: can't hop, very slow
A: +LOS, swims, horns 1, molten scales 1, blurry vision 1, slowness 1, evolution
1, MP-powered wands, strong legs 1
a: Hop, Bend Time, Temporal Distortion, Slouch, Step From Time, Renounce
Religion


You were on level 11 of the Dungeon.
You worshipped Cheibriados.
Cheibriados was extremely pleased with you.
You were completely stuffed.

You visited 2 branches of the dungeon, and saw 12 of its levels.

You collected 619 gold pieces.

Inventory:

Hand Weapons
 a - a +1 great sword of slicing (weapon)
 b - a +0 dagger of venom
 v - a +2 dagger of freezing
 x - a +2 vampiric trident
 C - a +0 mace
 M - a +1 falchion of freezing
Missiles
 A - 24 poisoned darts (quivered)
 J - 20 boomerangs
 K - 15 arrows
 L - 3 throwing nets
Armour
 c - a +0 shield
 h - a +0 scale mail
 k - a +1 cloak (worn)
 m - a +0 chain mail
 u - the +0 Maxwell's etheric cage {RegenMP+ *Contam rElec MP+4}
   (You took it off Robin on level 2 of the Dungeon)

   It insulates you from electricity.
   It affects your magic capacity (+4).
   It causes magical contamination when unequipped.
 w - a +0 plate armour (worn)
 H - a +1 helmet
 I - a +0 ring mail of magic resistance
 P - a cursed +0 pair of gloves (worn)
Jewellery
 g - a ring of wizardry (right hand)
 n - a ring of resist corrosion (left hand)
 t - an uncursed ring of stealth
 z - an amulet of the gourmand (around neck)
 F - an uncursed ring of ice
 R - an uncursed amulet of guardian spirit {unknown}
Wands
 d - a wand of flame (32)
 D - a wand of polymorph (2)
 G - a wand of iceblast (3)
 Q - a wand of enslavement (7)
Scrolls
 j - 3 scrolls of teleportation
 l - 6 scrolls of remove curse
 p - 2 scrolls of vulnerability
 q - 4 scrolls of enchant weapon
 r - a scroll of enchant armour
 y - 3 scrolls of identify
 B - 4 scrolls of blinking
 E - a scroll of fog
 N - 2 scrolls of fear
Potions
 e - a potion of flight
 i - 6 potions of brilliance
 o - a potion of resistance
 s - 3 potions of cancellation
 O - a potion of curing
Comestibles
 f - 28 rations


   Skills:
 + Level 9.4 Fighting
 + Level 13.9 Long Blades
 + Level 5.0 Throwing
 + Level 9.7 Armour
 * Level 7.5 Dodging
 - Level 3.7 Shields
 - Level 0.5 Unarmed Combat
 * Level 4.9 Invocations
 + Level 0.8 Evocations


You had 5 spell levels left.
You knew the following spells:

 Your Spells              Type           Power        Failure   Level  Hunger
a - Regeneration          Chrm/Necr      #.........   80%         3    ####...
b - Vampiric Draining     Necr           #.........   80%         3    ####...

Your spell library contained the following spells:

 Spells                   Type           Power        Failure   Level  Hunger
 Animate Skeleton         Necr           N/A          45%         1    ##.....
 Pain                     Necr           #...         45%         1    ##.....
 Animate Dead             Necr           N/A          99%         4    #####..


Dungeon Overview and Level Annotations

Branches:
Dungeon (11/15)            Temple (1/1) D:6            Lair (0/6) D:9
    Orc: D:9-12

Altars:
Ashenzari
Cheibriados
Dithmenos
Elyvilon
Fedhas
Gozag
Hepliaklqana
Kikubaaqudgha
Makhleb
Nemelex Xobeh
Okawaru
Qazlal
Ru
Sif Muna
Trog
Uskayaw
Vehumet
Wu Jian
Xom
Yredelemnul
Zin
The Shining One

Annotations:
D:6 2 transporters, EnegeticOcto's ghost, novice DsAE


Innate Abilities, Weirdness & Mutations

Shadows flee at your approach. (+LOS)
You can swim through water.
You cover ground slowly.
You can hop short distances.
You have a pair of small horns on your head.
You are partially covered in molten scales. (AC +2)
Scrolls take you a little longer to read.
You evolve.
You expend magic power (3 MP) to strengthen your wands.


Message History

The cyclops is moderately wounded.
The howler monkey misses you.
The cyclops hits you but does no damage.
Okay, then.
You hit the cyclops.
You headbutt the cyclops, but do no damage.
The cyclops is heavily wounded.
The howler monkey closely misses you.
You riposte.
You slice the howler monkey!!
You kill the howler monkey!
Cheibriados appreciates the change of pace.
You hit the cyclops but do no damage.
The cyclops is heavily wounded.
The cyclops hits you.
* * * LOW HITPOINT WARNING * * *
Unknown command.
You slash the cyclops! You headbutt the cyclops.
The cyclops is severely wounded.
The cyclops hits you!
You die...

.... .....
#######+##### ((....
#...........#
...(((.###......<....#
(<.$...'.'....<......#
.......###...(.......#
...... #...)(......+
..... #...†.......#
##+# #####@####### #C#


#aZ ##.# .. #'# .. ... ..% You could see a cyclops, a worker ant and a centaur
zombie.

Vanquished Creatures
  Erolcha (D:9)
  4 two-headed ogres
  An unseen horror (D:10)
  Pikel (D:4)
  A cyclops (D:11)
  A deep elf mage (D:9)
  Joseph (D:8)
  A gargoyle (D:10)
  2 komodo dragons (D:9)
  A troll (D:10)
  A hippogriff (D:8)
  5 yaks (D:10)
  3 wyverns
  A basilisk (D:9)
  2 hungry ghosts (D:10)
  An acid dragon (D:9)
  Duvessa (D:4)
  A black bear (D:8)
  2 ice beasts
  A sky beast (D:10)
  6 orc warriors
  2 phantoms
  10 ogres
  4 centaurs
  2 big kobolds
  3 bullfrogs
  A gnoll sergeant (D:9)
  Dowan (D:4)
  A wyvern skeleton (D:5)
  6 killer bees (D:9)
  3 howler monkeys
  5 crimson imps
  2 bullfrog zombies (D:8)
  4 hounds
  A quasit (D:5)
  A bullfrog skeleton (D:9)
  4 jellies
  A centaur skeleton (D:9)
  10 orc priests
  4 gnoll shamans (D:8)
  16 orc wizards
  3 iguanas
  4 worker ants
  A killer bee zombie (D:8)
  Robin (D:2)
  11 gnolls
  A worker ant zombie (D:5)
  6 adders
  3 shadow imps
  An ooze (D:1)
  An adder zombie (D:8)
  An adder skeleton (D:4)
  7 worms
  A dart slug (D:3)
  4 leopard geckos
  47 orcs
  2 giant cockroaches
  11 goblins
  10 hobgoblins
  13 jackals
  5 quokkas
  2 ball pythons
  5 bats
  4 frilled lizards
  10 kobolds
  A leopard gecko skeleton (D:9)
  A quokka skeleton (D:4)
  A quokka zombie (D:8)
  10 rats
286 creatures vanquished.

Vanquished Creatures (others)
  A quokka (D:8)
  5 fungi (D:8)
  5 plants (D:8)
11 creatures vanquished.

Grand Total: 297 creatures vanquished

Notes
Turn   | Place    | Note
-------+----------+-------------------------------------------
     0 | D:1      | collywobbles the Barachi Fighter began the quest for the
                  | Orb.
     0 | D:1      | Reached XP level 1. HP: 18/18 MP: 1/1
   230 | D:1      | Reached XP level 2. HP: 24/25 MP: 2/2
   761 | D:2      | Found a radiant altar of Vehumet.
   784 | D:2      | Reached XP level 3. HP: 30/30 MP: 3/3
   786 | D:2      | Reached skill level 3 in Long Blades
  1463 | D:2      | Reached XP level 4. HP: 37/37 MP: 4/4
  1548 | D:2      | Found a shattered altar of Ashenzari.
  1989 | D:2      | Found an ornate altar of the Wu Jian Council.
  1989 | D:2      | Noticed Robin
  2463 | D:2      | Killed Robin
  2463 | D:2      | Reached skill level 4 in Long Blades
  2644 | D:3      | Reached skill level 1 in Dodging
  2644 | D:3      | Reached XP level 5. HP: 33/43 MP: 5/5
  3388 | D:3      | Reached skill level 5 in Long Blades
  3824 | D:4      | Noticed a phantom
  3832 | D:4      | Killed a phantom
  3832 | D:4      | Reached XP level 6. HP: 46/50 MP: 6/6
  3894 | D:4      | Found a burning altar of Makhleb.
  3905 | D:4      | Reached skill level 5 in Fighting
  4151 | D:4      | Noticed Pikel
  4151 | D:4      | Noticed a slave
  4151 | D:4      | Noticed a slave
  4151 | D:4      | Noticed a slave
  4151 | D:4      | Noticed a slave
  4164 | D:4      | Killed Pikel
  4164 | D:4      | Reached skill level 7 in Long Blades
  4164 | D:4      | Reached skill level 1 in Throwing
  4164 | D:4      | Reached skill level 5 in Armour
  4164 | D:4      | Reached XP level 7. HP: 19/57 MP: 7/7
  4448 | D:4      | Noticed Duvessa
  4448 | D:4      | Noticed Dowan
  4465 | D:4      | Killed Dowan
  4514 | D:4      | Killed Duvessa
  4514 | D:4      | Reached XP level 8. HP: 64/64 MP: 8/8
  4701 | D:5      | Entered Level 5 of the Dungeon
  4721 | D:4      | Reached skill level 8 in Long Blades
  5624 | D:5      | Reached skill level 9 in Long Blades
  5995 | D:5      | Reached XP level 9. HP: 58/71 MP: 9/9
  6070 | D:5      | Gained mutation: You have a pair of small horns on your
                  | head. [potion of mutation]
  6070 | D:5      | Gained mutation: Your mind is acute. (Int +2) [potion of
                  | mutation]
  6071 | D:5      | Lost mutation: Your mind is acute. (Int +2) [potion of
                  | mutation]
  6071 | D:5      | Lost mutation: You have a pair of small horns on your head.
                  | [potion of mutation]
  6071 | D:5      | Gained mutation: You have sharp toenails. [potion of
                  | mutation]
  6071 | D:5      | Gained mutation: You are dopey. (Int -2) [potion of
                  | mutation]
  6071 | D:5      | Gained mutation: You are frail. (-10% HP) [potion of
                  | mutation]
  6071 | D:5      | Lost mutation: You are frail. (-10% HP) [potion of
                  | mutation]
  6077 | D:5      | Found a sacrificial altar of Ru.
  6393 | D:6      | Found a transporter.
  6393 | D:6      | Noticed EnegeticOcto's ghost (novice DsAE)
  6400 | D:6      | Found a staircase to the Ecumenical Temple.
  6440 | Temple   | Entered the Ecumenical Temple
  6448 | Temple   | Became a worshipper of Cheibriados the Contemplative
  6750 | D:6      | Found a transporter.
  7063 | D:6      | Found a shimmering blue altar of Sif Muna.
  7249 | D:7      | Reached skill level 10 in Long Blades
  7729 | D:7      | Reached * piety under Cheibriados
  8404 | D:7      | Found an opulent altar of Gozag.
  8632 | D:7      | Noticed a two-headed ogre
  8642 | D:7      | Killed a two-headed ogre
  8642 | D:7      | Reached skill level 1 in Invocations
  8642 | D:7      | Reached XP level 10. HP: 35/79 MP: 0/11
  8923 | D:8      | Reached skill level 11 in Long Blades
  8942 | D:8      | Found an ancient bone altar of Kikubaaqudgha.
  8984 | D:8      | Noticed a +0 dagger
  8984 | D:8      | Noticed a +0 dagger
  8986 | D:8      | Found a hide-covered altar of Uskayaw.
  9003 | D:8      | Reached ** piety under Cheibriados
  9049 | D:8      | Reached skill level 5 in Dodging
  9110 | D:8      | Noticed Joseph
  9118 | D:8      | Killed Joseph
  9125 | D:8      | Found a stormy altar of Qazlal.
  9334 | D:8      | HP: 4/80 [orc warrior/+0 trident (7)]
  9923 | D:8      | Found a white marble altar of Elyvilon.
  9928 | D:8      | Reached *** piety under Cheibriados
 10270 | D:8      | Reached skill level 12 in Long Blades
 10795 | D:9      | Found an iron altar of Okawaru.
 10856 | D:9      | Learned a level 3 spell: Regeneration
 10908 | D:9      | Reached **** piety under Cheibriados
 10913 | D:9      | Learned a level 3 spell: Vampiric Draining
 10999 | D:9      | Reached XP level 11. HP: 87/87 MP: 13/13
 11006 | D:9      | Noticed a deep elf mage
 11023 | D:9      | Killed a deep elf mage
 11076 | D:9      | Noticed Erolcha
 11107 | D:9      | Killed Erolcha
 11107 | D:9      | Reached skill level 13 in Long Blades
 11360 | D:9      | Found a staircase to the Lair.
 11911 | D:10     | Entered Level 10 of the Dungeon
 11922 | D:10     | Lost mutation: You are dopey. (Int -2) [potion of mutation]
 11922 | D:10     | Lost mutation: You have sharp toenails. [potion of
                  | mutation]
 11922 | D:10     | Gained mutation: Scrolls take you a little longer to read.
                  | [potion of mutation]
 11922 | D:10     | Gained mutation: You have a pair of small horns on your
                  | head. [potion of mutation]
 11922 | D:10     | Gained mutation: You expend magic power (3 MP) to
                  | strengthen your wands. [potion of mutation]
 11922 | D:10     | Gained mutation: You evolve. [potion of mutation]
 12269 | D:10     | Noticed a two-headed ogre
 12280 | D:10     | Killed a two-headed ogre
 12313 | D:10     | Noticed a two-headed ogre
 12325 | D:10     | Killed a two-headed ogre
 12699 | D:10     | Reached ***** piety under Cheibriados
 12790 | D:10     | Killed an unseen horror
 13211 | D:10     | Reached skill level 5 in Throwing
 13386 | D:10     | Gained mutation: You are partially covered in molten
                  | scales. (AC +2) [evolution]
 13427 | D:11     | Noticed a two-headed ogre
 13434 | D:11     | Noticed a cyclops
 13439 | D:11     | Noticed a cyclops
 13443 | D:11     | Killed a two-headed ogre
 13446 | D:11     | Killed a cyclops
 13446 | D:11     | Reached XP level 12. HP: 24/96 MP: 11/15
 13448 | D:11     | HP: 3/96 [cyclops (21)]
 13452 | D:11     | Mangled by a cyclops

Levels and vault maps discovered:
D:1:      giann_horns, layout_basic
D:2:      layout_loops_ring, nicolae_overflow_hidden_temple, lemuel_round_altar,
          lemuel_crystal_altar, chequers_big_river, uniq_robin
D:3:      layout_basic, minmay_misc_feat_roman
D:4:      layout_basic, makhleb_blood_cavern_becter, uniq_pikel, uniq_duvessa
D:5:      layout_cave_pools, nicolae_ru_sacrificial_ziggurat, first_ration,
          gammafunk_ghost_grave
D:6:      layout_basic, lemuel_round_altar, minmay_temple_entry_gardened_gates,
          gammafunk_ghost_mausoleum
D:7:      layout_gridville, grunt_gozag_breadcrumbs
D:8:      kennysheep_seaside_town, layout_basic, kiku_gazebo_pond_becter,
          dancing_weapons_uskayaw, elyvilon_altar_4,
          nicolae_qazlal_eye_of_the_storm, uniq_joseph
D:9:      layout_long_grid, lemuel_crystal_altar, erik_lair_dragon,
          grunt_ogre_cave, uniq_erolcha
D:10:     layout_loops_ring
D:11:     layout_roguey, david_orc_2, hangedman_glass_teeth, uniq_sonja,
          uniq_nergalle
Temple:   eino_temple_lava

Skill      XL: |  1  2  3  4  5  6  7  8  9 10 11 |
---------------+----------------------------------+-----
Fighting       | 4 5 6 7 8 9 |  9.4
Long Blades    | 3 4 5 7 9 10 12 13 | 13.9
Armour         | 4 5 6 7 8 9 |  9.7
Dodging        | 1 2 4 6 7 |  7.5
Throwing       | 1 3 4 5 |  5.0
Invocations    | 1 3 4 |  4.9
Shields        | |  3.7
Unarmed Combat | |  0.5
Evocations     | |  0.8

Action                   |  1- 3 |  4- 6 |  7- 9 | 10-12 || total
-------------------------+-------+-------+-------+-------++-------
Melee: Long sword        |   131 |    95 |       |       ||   226
       Dagger            |       |    12 |    21 |       ||    33
       Great sword       |       |    95 |   226 |   280 ||   601
       Unarmed           |       |       |    10 |       ||    10
       Kick              |       |       |    41 |   100 ||   141
       Headbutt          |       |       |       |    33 ||    33
Throw: Dart              |       |     7 |    52 |    65 ||   124
Invok: Bend Time         |       |       |     3 |     1 ||     4
 Abil: Hop               |       |     2 |     1 |     4 ||     7
Evoke: Wand              |       |       |     1 |     3 ||     4
       Box of beasts     |       |       |       |     1 ||     1
  Use: Scroll            |       |     6 |    11 |     6 ||    23
       Potion            |       |       |     4 |     4 ||     8
 Stab: Confused          |       |       |     2 |       ||     2
       Distracted        |       |       |       |     2 ||     2
  Eat: Chunk             |     3 |     9 |    12 |    28 ||    52
       Ration            |       |       |     1 |       ||     1
Armor: Scale mail        |    35 |       |       |       ||    35
       Chain mail        |    59 |   128 |   221 |    59 ||   467
       Plate armour      |       |       |       |   103 ||   103
Dodge: Dodged            |    39 |    70 |   146 |   196 ||   451
Block: Shield            |    64 |    59 |       |       ||   123
       Rpst.: Long sword |    16 |     7 |       |       ||    23
       Great sword       |       |    11 |    39 |    45 ||    95

Table legend:
 A = Non-vault XP
 B = Vault XP
 C = Vault XP percentage of total XP
 D = Non-vault monster count
 E = Vault monster count
 F = Vault count percentage of total count
                 A         B        C        D         E       F
            +---------+---------+-------+---------+---------+-------
      Total |   13650 |    5055 |  27.0 |     238 |      48 |  16.8
            +---------+---------+-------+---------+---------+-------
        D:1 |      34 |       0 |   0.0 |      19 |       0 |   0.0
        D:2 |      90 |      32 |  26.2 |      27 |      11 |  28.9
        D:3 |     128 |       0 |   0.0 |      19 |       0 |   0.0
        D:4 |     549 |     849 |  60.7 |      17 |       4 |  19.0
        D:5 |     702 |       0 |   0.0 |      28 |       0 |   0.0
        D:6 |     179 |       0 |   0.0 |       5 |       0 |   0.0
        D:7 |    2110 |       0 |   0.0 |      36 |       0 |   0.0
        D:8 |    1397 |    1877 |  57.3 |      24 |      25 |  51.0
        D:9 |    1627 |    2297 |  58.5 |      33 |       8 |  19.5
       D:10 |    5315 |       0 |   0.0 |      27 |       0 |   0.0
       D:11 |    1519 |       0 |   0.0 |       3 |       0 |   0.0
            +---------+---------+-------+---------+---------+-------
